 Dungeon Crawl Stone Soup version 0.27.0-1-g7a089689b8 (webtiles) character file.

Game seed: 2733380454996101162

12881 Anothat the Grappler (level 11, -14/113 HPs)
             Began as a Troll Monk on July 31, 2021.
             Was a Priest of Makhleb.
             Demolished by a skeletal warrior (20 damage)
             ... summoned by a boggart
             ... on level 15 of the Dungeon.
             The game lasted 00:21:14 (10017 turns).

Anothat the Grappler (Troll Monk)                  Turns: 10017, Time: 00:21:14

Health: -14/113    AC:  9    Str: 30    XL:     11   Next: 68%
Magic:  10/10      EV: 13    Int:  6    God:    Makhleb [***...]
Gold:   677        SH:  5    Dex: 12    Spells: 10/10 levels left

rFire    . . .     SeeInvis .     - Unarmed
rCold    . . .     Faith    .   (no shield)
rNeg     . . .     Spirit   .   a - +1 robe
rPois    .         Reflect  +   (helmet restricted)
rElec    .         Harm     .   (no cloak)
rCorr    .         Rampage  .   (gloves unavailable)
Will     .....                  (boots unavailable)
Stlth    ++........             f - amulet of reflection
HPRegen  1.28/turn              c - +4 ring of protection
MPRegen  0.12/turn              r - +6 ring of strength

@: lethally poisoned (-14 -> -15), studying Shields
A: large, unfitting armour, claws 3, regeneration 1, shaggy fur 1, tough skin 1
a: Renounce Religion, Minor Destruction, Lesser Servant of Makhleb


You were on level 15 of the Dungeon.
You worshipped Makhleb.
Makhleb was most pleased with you.
You visited 2 branches of the dungeon, and saw 14 of its levels.
You also visited: Bailey.

You collected 677 gold pieces.

Inventory:

Armour
 a - a +1 robe (worn)
Jewellery
 c - a +4 ring of protection (left claw)
 f - an amulet of reflection (around neck)
 i - a ring of resist corrosion
 p - a ring of protection from fire
 r - a +6 ring of strength (right claw)
 v - the ring "Rusurog" {Contam rPois Will- Str+4 Int+6}
   (You found it on level 9 of the Dungeon)

   [ring of poison resistance]

   Str:       It affects your strength (+4).
   Int:       It affects your intelligence (+6).
   rPois:     It protects you from poison.
   Contam:    It causes magical contamination when unequipped.
   Will:      It decreases your willpower.
Wands
 j - a wand of paralysis (4)
 t - a wand of charming (19)
 u - a wand of iceblast (11)
Scrolls
 b - 3 scrolls of amnesia
 d - 2 scrolls of enchant armour
 m - a scroll of enchant weapon {unknown}
 o - a scroll of holy word
 q - a scroll of blinking {unknown}
 x - 2 scrolls of identify
 y - 2 scrolls of teleportation
 z - a scroll of fear {unknown}
 A - a scroll of brand weapon {unknown}
Potions
 e - 6 potions of curing
 g - 2 potions of heal wounds
 h - 4 potions of degeneration
 k - 2 potions of resistance
 l - 2 potions of lignification
 n - 2 potions of berserk rage


   Skills:
 + Level 8.4 Fighting
 + Level 8.4 Dodging
 - Level 1.0 Stealth
 * Level 13.3 Unarmed Combat


You had 10 spell levels left.
You didn't know any spells.
Your spell library contained the following spells:

 Spells                   Type           Power      Damage    Failure   Level
 Corona                   Hex            0%         N/A       45%         1
 Magic Dart               Conj           0%         1d3       45%         1
 Blink                    Tloc           N/A        N/A       58%         2
 Ensorcelled Hibernation  Hex/Ice        0%         N/A       58%         2
 Slow                     Hex            0%         N/A       58%         2
 Call Canine Familiar     Summ           0%         N/A       83%         3
 Confusing Touch          Hex            0%         N/A       83%         3
 Frozen Ramparts          Ice            0%         1d2       83%         3
 Lesser Beckoning         Tloc           0%         N/A       83%         3
 Portal Projectile        Hex/Tloc       0%         N/A       83%         3
 Tukima's Dance           Hex            0%         N/A       83%         3
 Ice Form                 Ice/Tmut       0%         N/A       99%         4
 Leda's Liquefaction      Hex/Erth       0%         N/A       99%         4
 Summon Ice Beast         Ice/Summ       0%         N/A       99%         4
 Bolt of Magma            Conj/Fire/Erth 0%         4d4       100%        5
 Manifold Assault         Tloc           0%         N/A       100%        5
 Summon Mana Viper        Hex/Summ       0%         N/A       100%        5
 Yara's Violent Unravell  Hex/Tmut       0%         3d3       100%        5
 Statue Form              Tmut/Erth      0%         N/A       100%        6
 Monstrous Menagerie      Summ           0%         N/A       100%        7


Dungeon Overview and Level Annotations

Branches:
Dungeon (15/15)            Temple (1/1) D:6            Lair (0/6) D:11
    Orc (0/2) D:9          Bailey (visited)
 Vaults: D:13-14     Depths: D:15

Altars:
Ashenzari
Cheibriados
Dithmenos
Elyvilon
Fedhas
Gozag
Hepliaklqana
Kikubaaqudgha
Makhleb
Nemelex Xobeh
Okawaru
Qazlal
Ru
Sif Muna
Trog
Uskayaw
Vehumet
Wu Jian
Xom
Yredelemnul
Zin
The Shining One

Shops:
D:7 [   D:11 *


Innate Abilities, Weirdness & Mutations

You are too large for most types of armour.
You have claws for hands.
Your natural rate of healing is unusually fast.
You are covered in fur. (AC +1)
You have tough skin. (AC +1)


Message History

You mangle the boggart!!
You kill the boggart!
Makhleb accepts your kill.
The black mamba dissolves into shadows!
You feel very sick.
You feel very sick.
m - a scroll labelled LOEFED AMENT You feel very sick.
You feel sick.
You feel sick.
There are monsters nearby!
You claw the boggart!
The boggart is heavily wounded.
You feel sick.
The boggart mumbles some strange words.
The boggart flickers and vanishes!
Deactivating autopickup; reactivate with Ctrl-A.
The boggart gestures wildly while chanting.
You closely miss something.
You feel sick. Something barely misses you.
The boggart gestures wildly while chanting.
You scratch something.
The skeletal warrior hits you with a +0 short sword!
The skeletal warrior hits you with a +2 hand axe of freezing!
The skeletal warrior freezes you.
The skeletal warrior hits you with a +0 trident!
You hear some strange, mumbled words.
You mangle something!! Makhleb accepts your kill.
Reactivating autopickup.
The yaktaur dissolves into shadows!
You feel a bit more experienced.
You feel sick.
The death knight offers itself to Yredelemnul, and fills with unholy energy.
The skeletal warrior hits you with a +2 hand axe of freezing!!
* * * LOW HITPOINT WARNING * * *
The skeletal warrior freezes you!
* * * LOW HITPOINT WARNING * * *
The skeletal warrior hits you with a +0 short sword!
* * * LOW HITPOINT WARNING * * *
The skeletal warrior hits you with a +0 trident!!
You die...

## ######### .# #.......# .#
#.......# .# #.......# .#
#.......# #
[########.......########.#####
...........((..zz.gp..........
..........######@#####J.......
..........# #z# #g.......
..........# #.# #........
..........# #.# #........
..........# #.# #....<...
............ ... .........
####........# ### #####...g
#........# #........#


You could see a death knight (summoned, reflects damage), 3 skeletal warriors
and a boggart.

Vanquished Creatures
  A hydra (D:9)
  A two-headed ogre (D:10)
  3 ugly things (D:15)
  A cyclops (D:8)
  A gargoyle (D:10)
  Maggie (D:10)
  Psyche (D:8)
  An unseen horror (D:11)
  A freezing wraith (D:15)
  A troll (D:10)
  A hornet (D:9)
  2 dream sheep (D:9)
  A wraith (D:10)
  A human (shapeshifter) (D:15)
  3 wyverns
  8 yaks
  A steam dragon (D:10)
  Menkaure (D:6)
  13 orc warriors
  2 ice beasts
  3 sky beasts
  2 black bears
  A necrophage (D:6)
  4 boggarts (D:15)
  3 centaurs
  A phantom (D:4)
  4 kobold brigands
  4 bullfrogs
  3 gnoll sergeants
  2 scorpions
  12 killer bees
  3 wights (D:10)
  An electric eel (D:9)
  A howler monkey (D:8)
  3 centaur zombies
  3 orc priests
  2 hounds
  2 jellies (D:6)
  A bullfrog skeleton (D:5)
  16 orc wizards
  5 iguanas
  A scorpion zombie (D:5)
  A howler monkey skeleton (D:7)
  18 gnolls
  9 adders
  A shadow imp (D:7)
  A white imp (D:6)
  An ufetubus (D:5)
  A worm (D:4)
  2 dart slugs
  57 orcs
  7 bats
  10 endoplasms
  4 giant cockroaches
  3 goblins
  15 hobgoblins
  10 jackals
  9 kobolds
  2 quokkas
  5 ball pythons
  5 frilled lizards
  9 rats
292 creatures vanquished.

Vanquished Creatures (others)
  6 plants (D:4)
6 creatures vanquished.

Grand Total: 298 creatures vanquished

Notes
Turn   | Place    | Note
-------+----------+-------------------------------------------
     0 | D:1      | Anothat the Troll Monk began the quest for the Orb.
     0 | D:1      | Reached XP level 1. HP: 22/22 MP: 0/0
     3 | D:1      | Noticed an electric eel
     4 | D:1      | Noticed an electric eel
    92 | D:1      | Reached XP level 2. HP: 24/29 MP: 1/1
   405 | D:1      | Found a faded altar of an unknown god.
   411 | D:1      | Reached XP level 3. HP: 32/36 MP: 2/2
   601 | D:2      | Found an iron altar of Okawaru.
   951 | D:2      | Reached skill level 4 in Unarmed Combat
  1090 | D:2      | Reached XP level 4. HP: 43/44 MP: 3/3
  1829 | D:3      | Found a hide-covered altar of Uskayaw.
  2051 | D:4      | Found a hazy altar of Hepliaklqana.
  2051 | D:4      | Noticed a yak
  2051 | D:4      | Noticed a yak
  2053 | D:4      | Noticed a yak
  2171 | D:4      | Noticed a black bear
  2195 | D:4      | Reached XP level 5. HP: 53/53 MP: 4/4
  2234 | D:5      | Entered Level 5 of the Dungeon
  2523 | D:5      | Reached skill level 5 in Unarmed Combat
  2573 | D:5      | Reached XP level 6. HP: 57/61 MP: 5/5
  2707 | D:5      | Noticed an ice beast
  2851 | D:5      | Killed an ice beast
  3022 | D:5      | Reached skill level 6 in Unarmed Combat
  3044 | D:5      | Noticed a sky beast
  3051 | D:5      | Killed a sky beast
  3052 | D:5      | Reached XP level 7. HP: 47/70 MP: 6/6
  3234 | D:4      | Found a sacrificial altar of Ru.
  3420 | D:4      | Killed a yak
  3438 | D:4      | Killed a yak
  3439 | D:4      | Reached skill level 7 in Unarmed Combat
  3439 | D:4      | Reached XP level 8. HP: 50/79 MP: 7/7
  3865 | D:6      | Reached skill level 5 in Fighting
  3865 | D:6      | Reached skill level 5 in Dodging
  3865 | D:6      | Reached skill level 8 in Unarmed Combat
  3977 | D:6      | Found a staircase to the Ecumenical Temple.
  3995 | Temple   | Entered the Ecumenical Temple
  4436 | D:6      | Found a shimmering altar of Xom.
  4502 | D:6      | Noticed Menkaure
  4509 | D:6      | Killed Menkaure
  4569 | D:6      | Reached XP level 9. HP: 74/88 MP: 8/8
  4839 | D:7      | Reached skill level 9 in Unarmed Combat
  5116 | D:7      | Found Ipint's Armour Boutique.
  5317 | D:7      | You fall into a shaft and drop 3 floors!
  5317 | D:10     | Entered Level 10 of the Dungeon
  5590 | D:9      | Reached skill level 10 in Unarmed Combat
  5685 | D:8      | Found an ornate altar of the Wu Jian Council.
  6095 | D:8      | Noticed a cyclops
  6107 | D:8      | Killed a cyclops
  6108 | D:8      | Reached XP level 10. HP: 100/100 MP: 9/9
  6231 | D:8      | Noticed Psyche
  6243 | D:8      | Killed Psyche
  6670 | D:7      | Reached skill level 11 in Unarmed Combat
  7173 | D:9      | Identified the ring "Rusurog" {Contam rPois Will- Str+4
                  | Int+6}
  7192 | D:9      | Found a sparkling altar of Nemelex Xobeh.
  7223 | D:9      | Found a burning altar of Makhleb.
  7338 | D:9      | Became a worshipper of Makhleb the Destroyer
  7338 | D:9      | Reached * piety under Makhleb
  7338 | D:9      | Reached ** piety under Makhleb
  7716 | D:9      | Found a staircase to the Orcish Mines.
  7917 | D:9      | Noticed a two-headed hydra
  7930 | D:9      | Killed a four-headed hydra
  8156 | D:9      | Found a basalt altar of Yredelemnul.
  8194 | D:10     | Reached skill level 12 in Unarmed Combat
  8280 | D:10     | Noticed a two-headed ogre
  8289 | D:10     | Killed a two-headed ogre
  8290 | D:10     | Reached XP level 11. HP: 104/109 MP: 10/10
  8334 | D:10     | Reached *** piety under Makhleb
  8361 | D:10     | Identified the +0 pair of boots of Elyvilon's Grace {rElec
                  | Int+6 Stlth-}
  8378 | D:10     | Found a shimmering blue altar of Sif Muna.
  8389 | D:10     | Found an ancient bone altar of Kikubaaqudgha.
  8400 | D:10     | Found a radiant altar of Vehumet.
  8411 | D:10     | Got Vehumet's Compendium of Confrontation
  8703 | D:10     | Noticed Maggie
  8707 | D:10     | Killed Maggie
  9085 | D:11     | Found Avok's General Store.
  9153 | D:11     | Found a staircase to the Lair.
  9204 | D:11     | You fall into a shaft and drop 3 floors!
  9213 | D:14     | Found a flagged portal.
  9227 | Bailey   | Entered a bailey
  9697 | Bailey   | Noticed an orc knight
  9763 | D:14     | Noticed a cyan ugly thing
  9763 | D:14     | Noticed a cyan ugly thing
  9763 | D:14     | Noticed a cyan ugly thing
  9763 | D:14     | Noticed a cyan ugly thing
  9784 | D:14     | Noticed a brown ugly thing
  9784 | D:14     | Noticed a brown ugly thing
  9785 | D:14     | Noticed a brown ugly thing
  9785 | D:14     | Noticed a brown ugly thing
  9786 | D:14     | Noticed a brown ugly thing
  9786 | D:14     | Noticed a brown ugly thing
  9788 | D:14     | Noticed a boulder beetle
  9828 | D:14     | Noticed a centaur warrior
  9829 | D:14     | Noticed a centaur warrior
  9830 | D:14     | Noticed an eight-headed hydra
  9830 | D:14     | Noticed a rakshasa
  9849 | D:15     | Entered Level 15 of the Dungeon
  9849 | D:15     | Noticed a green ugly thing
  9856 | D:15     | Noticed a green ugly thing
  9858 | D:15     | Noticed a green ugly thing
  9861 | D:15     | Killed a green ugly thing
  9862 | D:15     | Reached skill level 13 in Unarmed Combat
  9865 | D:15     | Killed a green ugly thing
  9873 | D:15     | Killed a green ugly thing
  9947 | D:15     | Noticed a boulder beetle
 10003 | D:15     | Noticed a tengu warrior
 10015 | D:15     | Noticed a skeletal warrior
 10015 | D:15     | Noticed a skeletal warrior
 10015 | D:15     | Noticed a skeletal warrior
 10016 | D:15     | Noticed a death knight
 10017 | D:15     | Demolished by a skeletal warrior

Illustrated notes

Levels and vault maps discovered:
D:1:      arrival_aquarium_b, layout_basic,
          hellmonk_ecumenical_altar_crossroads, minmay_misc_feat_room,
          chequers_serial_rivers_micro_c, minmay_pentomino_p4
D:2:      layout_basic, basic_altar, minivault_24, minmay_fractal_squares_5
D:3:      layout_loops_corners, lemuel_coloured_pillars_altar
D:4:      layout_basic, mainiacjoe_overflow_tiny_flanked, hangedman_ru_absence,
          serial_bayou_pond_c
D:5:      layout_loops_ring, grunt_ministairs_5, kennysheep_small_square
D:6:      layout_rooms, xom_teletrap_fun, minmay_temple_entry_junction,
          minivault_23, st_stairs_10, amcnicky_mini_corridor_feature,
          uniq_menkaure
D:7:      layout_cave_pools, serial_shops, nicolae_shop_behind_doors
D:8:      layout_basic, kennysheep_mini_moat, uniq_psyche
D:9:      layout_irregular_city, mainiacjoe_overflow_two_lobes,
          mainiacjoe_overflow_alcove_4, erik_orc_2, hangedman_ranch
D:10:     layout_loops_ring, palyth_temple_overflow_mages, uniq_maggie
D:11:     layout_long_grid, lair_entry_dummy, serial_shops,
          nicolae_lakefront_shop, okawaru_gym_becter, uniq_maurice
D:14:     minmay_expanding_circles, layout_irregular_city, erik_vaults_1,
          enter_bailey_2, wad_floor_pattern_1
D:15:     gammafunk_depths_entry_grave, layout_small_grid,
          chequers_decorated_corner
Temple:   minmay_temple_curvy_loop

Skill      XL: |  1  2  3  4  5  6  7  8  9 10 11 |
---------------+----------------------------------+-----
Unarmed Combat | 4 5 6 7 8 10 12 13 | 13.3
Fighting       | 3 4 5 6 7 8 |  8.4
Dodging        | 3 4 5 6 7 8 |  8.4
Stealth        | |  1.0

Action                   |  1- 3 |  4- 6 |  7- 9 | 10-12 || total
-------------------------+-------+-------+-------+-------++-------
Melee: Unarmed           |   118 |   154 |   273 |   288 ||   833
       Punch             |     1 |     3 |     9 |    17 ||    30
Evoke: Wand              |       |       |     2 |     9 ||    11
  Use: Scroll            |       |     1 |    13 |     4 ||    18
       Potion            |       |       |     3 |     6 ||     9
 Stab: Sleeping          |     3 |     6 |       |     3 ||    12
       Paralysed         |       |       |     4 |       ||     4
       Distracted        |       |       |       |     1 ||     1
Armor: Robe              |    33 |    51 |    70 |    74 ||   228
Dodge: Dodged            |    55 |    70 |   128 |   141 ||   394
Block: Other             |       |    49 |    76 |    63 ||   188
       Reflection        |       |       |     4 |     6 ||    10
